 Dungeon Crawl Stone Soup version 0.27.1-3-gb3d3a73c9e (webtiles) character file.

Game seed: 7502047818660398302

41 TheGamechu the Sneak (level 3, 0/16 HPs)
             Began as a Spriggan Enchanter on Oct 21, 2021.
             Slain by a jackal (3 damage)
             ... on level 2 of the Dungeon.
             The game lasted 00:10:06 (2348 turns).

TheGamechu the Sneak (Spriggan Enchanter)           Turns: 2348, Time: 00:10:06

Health: 0/16       AC:  2    Str:  4    XL:     3   Next: 32%
Magic:  2/8        EV: 18    Int: 16    God:
Gold:   64         SH:  0    Dex: 16    Spells: 5/8 levels left

rFire    . . .     SeeInvis +   a - +1 dagger
rCold    . . .     Faith    .   (shield restricted)
rNeg     . . .     Spirit   .   b - +0 robe
rPois    .         Reflect  .   (helmet restricted)
rElec    .         Harm     .   (no cloak)
rCorr    .         Rampage  .   (gloves unavailable)
Will     .....                  (boots unavailable)
Stlth    +++.......             (no amulet)
HPRegen  0.05/turn              (no ring)
MPRegen  0.11/turn              (no ring)

@: lethally poisoned (0 -> -1), very quick
A: very small, no large weapons, unfitting armour, see invisible, speed 3
a: no special abilities


You were on level 2 of the Dungeon.
You visited 1 branch of the dungeon, and saw 2 of its levels.

You collected 64 gold pieces.

Inventory:

Hand Weapons
 a - a +1 dagger (weapon)
Missiles
 d - 23 stones
 e - 9 poisoned darts
Armour
 b - a +0 robe (worn)
Jewellery
 c - a ring of positive energy
Potions
 g - a potion of lignification {unknown}


   Skills:
 + Level 2.0 Short Blades
 + Level 3.3 Dodging
 + Level 5.0 Stealth
 - Level 3.0 Spellcasting
 + Level 4.0 Hexes


You had 5 spell levels left.
You knew the following spells:

 Your Spells              Type           Power      Damage    Failure   Level
a - Corona                Hex            16%        N/A       3%          1
b - Ensorcelled Hibernat  Hex/Ice        16%        N/A       12%         2

Your spell library contained the following spells:

 Spells                   Type           Power      Damage    Failure   Level
 Confusing Touch          Hex            15%        N/A       11%         3
 Tukima's Dance           Hex            15%        N/A       11%         3
 Dazzling Flash           Conj/Hex       16%        N/A       24%         3


Dungeon Overview and Level Annotations

Branches:
Dungeon (2/15)

Altars:


Innate Abilities, Weirdness & Mutations

You are very small and have problems with some larger weapons.
You are too small for most types of armour.
You have supernaturally acute eyesight. (SInv)
You cover ground extremely quickly. (Speed+++)


Message History

The jackal misses you.
The jackal bites you but does no damage. x2
The adder bites you.
* * * LOW HITPOINT WARNING * * *
The jackal barely misses you.
You barely miss the jackal.
* * * LOW HITPOINT WARNING * * *
You feel sick. The jackal completely misses you. The jackal bites you.
* * * LOW HITPOINT WARNING * * *
The adder closely misses you. The jackal misses you.
The jackal completely misses you.
It was a potion of heal wounds.
You feel much better.
You feel sick. The jackal closely misses you. The jackal completely misses you.
The adder misses you. The jackal misses you.
You hit the jackal.
The jackal is moderately wounded.
The jackal closely misses you. The jackal bites you.
The adder closely misses you. The jackal completely misses you.
The jackal bites you. The jackal barely misses you.
The jackal resists with significant effort.
You feel sick. The jackal closely misses you. The adder misses you.
The jackal bites you but does no damage.
The jackal misses you. The adder closely misses you. The jackal misses you.
Aiming: Ensorcelled Hibernation (safe; 12% risk of failure)
Press: ? - help, Q - select action, (/) - cycle Shift-Dir - straight line, f - adder, p - jackal
Aim: an adder (chance to affect: 49%)
The adder resists with some effort.
You feel sick. The jackal misses you. The jackal completely misses you.
The jackal bites you. The adder barely misses you. The jackal bites you.
Aiming: Ensorcelled Hibernation (safe; 12% risk of failure)
Press: ? - help, Q - select action, (/) - cycle Shift-Dir - straight line, f/p - adder
Aim: an adder (chance to affect: 49%)
The adder resists with some effort.
You feel sick.
The jackal bites you but does no damage.
The jackal bites you.
* * * LOW HITPOINT WARNING * * *
The adder bites you but does no damage. The jackal closely misses you. x2
The jackal bites you.
You die...

#............#
#.##.###.#####
#....#.#
##.####.#.#
........#.#
########.#.#
...........#
#######h####
#.@h.# #S#h.#
...#..#
#####..# #..#
...# #..# ..#


You could see an adder and 3 jackals.

Vanquished Creatures
  3 orcs (D:2)
  3 ball pythons (D:2)
  5 bats
  4 endoplasms
  2 giant cockroaches
  A goblin (D:1)
  7 hobgoblins
  A quokka (D:1)
  A frilled lizard (D:1)
  2 kobolds (D:1)
  2 rats
31 creatures vanquished.

Vanquished Creatures (others)
  8 demonic plants (D:1)
  4 plants (D:1)
  3 withered plants (D:1)
15 creatures vanquished.

Grand Total: 46 creatures vanquished

Notes
Turn   | Place    | Note
-------+----------+-------------------------------------------
     0 | D:1      | TheGamechu the Spriggan Enchanter began the quest for the
                  | Orb.
     0 | D:1      | Reached XP level 1. HP: 9/9 MP: 5/5
   276 | D:1      | Reached XP level 2. HP: 10/13 MP: 6/6
  1095 | D:1      | Learned a level 2 spell: Ensorcelled Hibernation
  1112 | D:1      | Found a faded altar of an unknown god.
  1919 | D:2      | Reached XP level 3. HP: 11/16 MP: 8/8
  2098 | D:2      | Reached skill level 5 in Stealth
  2348 | D:2      | Slain by a jackal

Illustrated notes

Levels and vault maps discovered:
D:1:      saegor_arrival_simple_d, layout_basic, shapermc_ecumenical_altar_gd,
          corexii_leaking_fountain
D:2:      layout_basic

Skill      XL: |  1  2  3 |
---------------+----------+-----
Dodging        | 3 |  3.3
Spellcasting   | 3 |  3.0
Hexes          | 4 |  4.0
Stealth        | 5 |  5.0
Short Blades   | 2 |  2.0

Action                   || total
-------------------------++-------
Melee: Dagger            ||   167
Throw: Stone             ||     1
 Cast: Corona            ||     7
       Ensorcelled Hiber ||     7
  Use: Scroll            ||     3
       Potion            ||     1
 Stab: Sleeping          ||     6
Armor: Robe              ||    34
Dodge: Dodged            ||   187
